 Dungeon Crawl Stone Soup version 0.25-a0-317-g5f8687bca5 (webtiles) character file.

Game seed: 16599786172545055022, levelgen mode: deterministic

825 Esekla the Sneak (level 7, -1/35 HPs)
             Began as a Vine Stalker Assassin on Dec 26, 2019.
             Slain by Grinder (6 damage)
             ... while paralysed by Grinder
             ... on level 4 of the Dungeon on Dec 27, 2019.
             The game lasted 00:26:58 (3150 turns).

Esekla the Sneak (Vine Stalker Assassin)            Turns: 3150, Time: 00:26:59

Health: -1/35      AC:  3    Str: 14    XL:     7   Next: 96%
Magic:  0/12       EV:  2    Int: 12    God:
Gold:   245        SH:  0    Dex: 21    Spells: 12/12 levels left

rFire    . . .     SeeInvis .   a - +2 dagger
rCold    + . .     Gourm    .   (no shield)
rNeg     . . .     Faith    .   b - +0 robe
rPois    .         Spirit   +   (no helmet)
rElec    .         Reflect  .   c - +0 cloak
rCorr    .         Harm     .   (no gloves)
MR       .....                  (no boots)
Stlth    +++++.....             (no amulet)
HPRegen  0.51/turn              m - +5 ring of slaying
MPRegen  0.13/turn              l - ring of protection from cold

@: paralysed, agile
A: fangs 2, regeneration 1, magic shield, antimagic bite, no potion heal 3, rot
immunity
a: no special abilities


You were on level 4 of the Dungeon.
You were not hungry.

You visited 1 branch of the dungeon, and saw 5 of its levels.

You collected 245 gold pieces.

Inventory:

Hand Weapons
 a - a +2 dagger (weapon)
Missiles
 d - 4 poisoned darts (quivered)
 e - 2 curare-tipped darts
Armour
 b - a +0 robe (worn)
 c - a +0 cloak (worn)
Jewellery
 l - a ring of protection from cold (right hand)
 m - a +5 ring of slaying (left hand)
Wands
 u - a wand of polymorph (2)
Scrolls
 g - 4 scrolls of remove curse
 j - a scroll of teleportation {unknown}
 k - 2 scrolls of fog
 p - 2 scrolls of immolation {unknown}
 q - a scroll of random uselessness {unknown}
 r - a scroll of amnesia {unknown}
 s - a scroll of enchant weapon {unknown}
Potions
 i - 2 potions of heal wounds {unknown}
 n - 3 potions of lignification
 o - 2 potions of agility
Comestibles
 f - 7 rations


   Skills:
 + Level 2.7 Fighting
 * Level 5.3 Short Blades
 + Level 2.6 Throwing
 + Level 2.2 Dodging
 + Level 6.8 Stealth
 * Level 3.2 Spellcasting


You had 12 spell levels left.
You didn't know any spells.
Your spell library was empty.

Dungeon Overview and Level Annotations

Branches:
Dungeon (5/15)
 Temple: D:4-7

Altars:
Trog
Yredelemnul

Annotations:
D:4 Grinder
D:5 Sigmund


Innate Abilities, Weirdness & Mutations

You have extremely sharp teeth.
Your natural rate of healing is unusually fast.
When hurt, damage is shared between your health and your magic reserves.
Your bite disrupts and absorbs the magic of your enemies.
Potions cannot restore your health.
You are immune to rotting.


Message History

Grinder gestures at you. Pain shoots through your body!
You hit Grinder but do no damage. Your bite misses Grinder.
Grinder is moderately wounded.
You barely miss Grinder.
Grinder is moderately wounded.
Grinder hits you.
* * * LOW HITPOINT WARNING * * *
You writhe in agony.
* * * LOW HITPOINT WARNING * * *
Unknown command.
As you read the scroll of fear, it crumbles to dust.
You assume a fearsome visage.
Grinder is unaffected.
Grinder completely misses you.
Okay, then.
You feel agile all of a sudden. Grinder gestures at you.
You suddenly lose the ability to move!
Grinder hits you!
You die...

#.......#...#####.....)##.....
#..........## ##.....###.....
###...####.# #..............
##..#....#####..............
#..##..###.................
##....####.................
##...#..............#.....
#..................#.....
##<..##.@5.........##..#.
#....#[............###.##
###.##..............##.##
#.##.............##..#
####.................#
##.#..............##
####............##.
##..#..##...###.
####..###...##.


You could see Grinder.

Vanquished Creatures
  Eustachio (D:4)
  A phantom (D:4)
  3 scorpions
  An orc priest (D:4)
  A bullfrog skeleton (D:4)
  2 hounds (D:4)
  An orc wizard (D:4)
  3 worker ants
  6 adders
  An ooze (D:1)
  3 adder skeletons (D:4)
  An adder zombie (D:5)
  10 worms
  6 dart slugs
  2 leopard geckos (D:4)
  12 orcs
  3 giant cockroaches
  18 goblins
  7 hobgoblins
  7 jackals
  3 kobolds
  A quokka (D:3)
  15 bats
  4 frilled lizards
  A leopard gecko skeleton (D:4)
  3 rats
116 creatures vanquished.

Notes
Turn   | Place    | Note
-------+----------+-------------------------------------------
     0 | D:1      | Esekla the Vine Stalker Assassin began the quest for the
                  | Orb.
     0 | D:1      | Reached XP level 1. HP: 11/11 MP: 2/2
    63 | D:1      | Reached skill level 5 in Stealth
    74 | D:1      | Reached XP level 2. HP: 12/15 MP: 3/3
   305 | D:2      | Reached XP level 3. HP: 18/18 MP: 4/4
   537 | D:2      | Reached skill level 1 in Dodging
   684 | D:2      | Gained mutation: Your natural rate of healing is unusually
                  | fast. [Vine Stalker growth]
   684 | D:2      | Reached XP level 4. HP: 23/23 MP: 5/5
  1022 | D:2      | Reached skill level 1 in Spellcasting
  1228 | D:3      | Reached XP level 5. HP: 22/26 MP: 6/8
  1478 | D:3      | Noticed a moth of wrath
  1481 | D:3      | Found a bloodstained altar of Trog.
  2196 | D:4      | Noticed Eustachio
  2214 | D:4      | Reached skill level 6 in Stealth
  2255 | D:4      | Noticed a phantom
  2263 | D:3      | Reached XP level 6. HP: 13/30 MP: 4/10
  2330 | D:5      | Entered Level 5 of the Dungeon
  2330 | D:5      | Noticed Sigmund
  2587 | D:4      | Killed Eustachio
  2587 | D:4      | Reached XP level 7. HP: 31/35 MP: 9/12
  2882 | D:4      | Found a basalt altar of Yredelemnul.
  2950 | D:4      | Reached skill level 5 in Short Blades
  3049 | D:4      | Noticed Grinder
  3149 | D:4      | Paralysed by Grinder for 3 turns
  3150 | D:4      | Slain by Grinder

Levels and vault maps discovered:
D:1:      beargit_arrival_greenhouse, layout_rooms
D:2:      wad_crossroads, layout_basic
D:3:      layout_loops_cross, tgw_trog
D:4:      cheibrodos_greedy_goblins, layout_cave_pools, old_standard_altar,
          uniq_eustachio, uniq_grinder
D:5:      layout_rooms, grunt_qazlal_clouds, lemuel_coloured_pillars_altar,
          first_ration, uniq_sigmund

Skill      XL: |  1  2  3  4  5  6  7 |
---------------+----------------------+-----
Stealth        | 5 6 |  6.8
Short Blades   | 2 3 4 5 |  5.3
Dodging        | 1 2 |  2.2
Fighting       | 2 |  2.7
Spellcasting   | 1 2 3 |  3.2
Throwing       | 2 |  2.6

Action                   |  1- 3 |  4- 6 |  7- 9 || total
-------------------------+-------+-------+-------++-------
Melee: Dagger            |    77 |   146 |    63 ||   286
       Bite              |    13 |    42 |    24 ||    79
Throw: Dart              |     3 |    27 |    11 ||    41
  Use: Scroll            |       |     5 |     2 ||     7
       Potion            |       |       |     1 ||     1
 Stab: Sleeping          |    10 |    13 |     1 ||    24
       Distracted        |       |     1 |       ||     1
  Eat: Chunk             |       |     5 |     2 ||     7
Armor: Robe              |    38 |    12 |     3 ||    53
Dodge: Dodged            |    63 |    62 |    29 ||   154

Table legend:
 A = Non-vault XP
 B = Vault XP
 C = Vault XP percentage of total XP
 D = Non-vault monster count
 E = Vault monster count
 F = Vault count percentage of total count
                 A         B        C        D         E       F
            +---------+---------+-------+---------+---------+-------
      Total |     908 |     271 |  23.0 |      94 |      22 |  19.0
            +---------+---------+-------+---------+---------+-------
        D:1 |      41 |       0 |   0.0 |      17 |       0 |   0.0
        D:2 |      70 |      19 |  21.3 |      23 |       4 |  14.8
        D:3 |     182 |      25 |  12.1 |      29 |       5 |  14.7
        D:4 |     597 |     227 |  27.5 |      23 |      13 |  36.1
        D:5 |      18 |       0 |   0.0 |       2 |       0 |   0.0
            +---------+---------+-------+---------+---------+-------
